 Dungeon Sprint DCSS version 0.30-a0-1085-g990a428a5c (webtiles) character file.

Game seed: 1492056628279435108

9736 Conn the Arsonist (level 11, -5/63 HPs)
             Began as an Octopode Fire Elementalist on Apr 16, 2023.
             Was a High Priest of Sif Muna.
             Slain by a demonic crawler (12 damage)
             ... in the Dungeon (Sprint I: "Red Sonja").
             The game lasted 00:38:37 (2569 turns).

Conn the Arsonist (Octopode Fire Elementalist)      Turns: 2569, Time: 00:38:38

Health: -5/63      AC:  1    Str: 11      XL:     11   Next: 51%
Magic:  8/29       EV: 14    Int: 20 (21) God:    Sif Muna [*****.]
Gold:   122        SH:  5    Dex: 13      Spells: 5/38 levels left

rFire   + . .      SeeInvis +    h - +0 dagger (distort)
rCold   . . .      Faith    .    (no shield)
rNeg    . . .      Spirit   .    (helmet restricted)
rPois   +          Reflect  +    n - amulet of reflection
rElec   .          Rampage  .    g - ring of protection from fire
rCorr   +          NoTele   +    m - ring of Piacat {rPois rCorr Str+3 SInv}
Will    .....                    (no ring)
Stlth   ++++                     (no ring)
HPRegen 0.30/turn                (no ring)
MPRegen 0.21/turn                (no ring)
                                 (no ring)
                                 (no ring)

@: no status effects
A: almost no armour, amphibious, 8 rings, camouflage 1, gelatinous body 1,
(nimble swimmer 1), tentacles, deterioration 1
a: Renounce Religion, Channel Magic, Forget Spell, Divine Exegesis


You were in the Dungeon.
You worshipped Sif Muna.
Sif Muna was extremely pleased with you.
You visited 1 branch You collected 1479 gold pieces.
You spent 1357 gold pieces at shops.

Inventory:

Hand Weapons
 h - a +0 dagger of distortion (weapon)
Missiles
 i - 2 curare-tipped darts (quivered)
Jewellery
 c - an amulet of magic regeneration
 g - a ring of protection from fire (left tentacle)
 m - the ring of Piacat (right tentacle) {rPois rCorr Str+3 SInv}
   (You bought it in a shop in the Dungeon)

   [ring of poison resistance]

   Str:       It affects your strength (+3).
   rPois:     It protects you from poison.
   SInv:      It lets you see invisible.
   rCorr:     It protects you from acid and corrosion.
 n - an amulet of reflection (around mantle)
Wands
 d - a wand of polymorph (5)
 e - a wand of paralysis (8)
Scrolls
 f - a scroll of enchant weapon {unknown}
 j - a scroll of identify {unknown}
 k - a scroll of vulnerability {unknown}
Potions
 a - 2 potions of magic
 b - 3 potions of curing
Miscellaneous
 l - a tin of tremorstones (2/2)


   Skills:
 + Level 1.6 Fighting
 + Level 0.5 Short Blades
 + Level 2.0 Throwing
 + Level 5.0 Dodging
 + Level 5.5 Stealth
 + Level 14.0 Spellcasting
 * Level 10.0 Conjurations
 + Level 5.1 Hexes
 + Level 5.2 Summonings
 + Level 14.3 Fire Magic
 + Level 7.5 Ice Magic
 + Level 8.5 Air Magic
 + Level 2.3 Poison Magic
 - Level 7.6 Invocations


You had 5 spell levels left.
You knew the following spells:

 Your Spells              Type           Power      Damage    Failure   Level
a - Foxfire               Conj/Fire      100%       2x1d9     1%          1
b - Mephitic Cloud        Conj/Pois/Air  41%        N/A       1%          3
c - Inner Flame           Hex/Fire       52%        N/A       1%          3
d - Flame Wave            Conj/Fire      58%        2d14      1%          4
e - Scorch                Fire           100%       2d9       1%          2
f - Freezing Cloud        Conj/Ice/Air   24%        6-21      3%          5
g - Plasma Beam           Fire/Air       28%        2x1d44    6%          6
h - Summon Lightning Spi  Summ/Air       41%        N/A       2%          4
i - Arcjolt               Conj/Air       25%        1d35      2%          5

Your spell library contained the following spells:

 Spells                   Type           Power      Damage    Failure   Level
 Shock                    Conj/Air       100%       1d9       1%          1
 Slow                     Hex            100%       N/A       1%          1
 Poisonous Vapours        Pois/Air       70%        N/A       1%          2
 Static Discharge         Conj/Air       100%       2-7/arc   1%          2
 Confusing Touch          Hex            34%        N/A       1%          3
 Volatile Blastmotes      Fire/Tloc      84%        2d17      1%          3
 Airstrike                Air            24%        2d(4-20)  1%          4
 Portal Projectile        Hex/Tloc       48%        N/A       4%          3
 Vampiric Draining        Necr           14%        2d7       14%         3
 Conjure Ball Lightning   Conj/Air       25%        3x3d7     16%         6
 Chain Lightning          Conj/Air       25%        3d33      100%        9


Dungeon Overview and Level Annotations

Branches:
Dungeon (1/1)

Altars:
Cheibriados
Dithmenos
Elyvilon
Fedhas
Gozag
Hepliaklqana
Kikubaaqudgha
Makhleb
Nemelex Xobeh
Okawaru
Qazlal
Ru
Sif Muna
Trog
Uskayaw
Vehumet
Wu Jian
Xom
Yredelemnul
Zin
The Shining One
Jiyva
Lugonu

Shops:
D !*((!?*(::=!**=([??[!


Innate Abilities, Weirdness & Mutations

You cannot wear most types of armour.
You are amphibious.
You can wear up to eight rings at the same time.
Your skin changes colour to match your surroundings (Stealth+).
Your rubbery body absorbs attacks. (AC +1, EV +1)
((You are camouflaged when in or above water. (Stealth+)))
You have tentacles for arms and can constrict up to eight enemies at once.
Your body sometimes deteriorates upon taking damage.


Message History

The demonic crawler is moderately wounded.
The bolt of lightning hits the demonic crawler!!!
You kill the demonic crawler!
Sif Muna accepts your kill.
The bolt of lightning hits the demonic crawler!!!
The demonic crawler is almost dead.
Your Spellcasting skill increases to level 14!
Your Conjurations skill increases to level 10!
Cast which spell? (? or * to list)
Okay, then.
Cast which spell? (? or * to list)
The spell is quite dangerous to miscast (6% risk of failure)!
Continue anyway?
Casting: Plasma Beam (quite dangerous; 6% risk of failure)
Press: ? - help, Dir - look around, f - activate Look: a demonic crawler (severely wounded, 2x83% to hit)
The bolt of lightning hits the demonic crawler.
The demonic crawler is almost dead.
The fiery plasma hits the demonic crawler.
The demonic crawler is almost dead.
The demonic crawler hits you! The demonic crawler hits you!!
Your body deteriorates!
You feel dopey. The demonic crawler hits you!
* * * LOW HITPOINT WARNING * * *
Okay, then.
Okay, then.
Unknown command.
Unknown command.
Unknown command.
Unknown command.
Unknown command.
Casting: Plasma Beam (quite dangerous; 6% risk of failure)
Confirm with . or Enter, or press ? or * to list all spells.
Electricity surges outward!
The demonic crawler is almost dead.
The demonic crawler is lightly wounded.
You block the demonic crawler's attack. The demonic crawler misses you.
The demonic crawler barely misses you. The demonic crawler hits you.
* * * LOW HITPOINT WARNING * * *
The demonic crawler hits you!
You die...

##################
.#..'..#__#..)...#
.)..#..'..'..#..s##+#
'#####'#__####..@s..#
.#...#.####[.#####†.+
##..##)#~§~..#.§# ##
_##'#_.'§~~..'.§#
..'..._#§)§§§#..#
_##_.#'##§#####'###
_###'#.#())(###.'.#
####.####'###)###.#
..'...'...)§'(∩##.#


You could see 2 demonic crawlers.

Vanquished Creatures
  2 centaur warriors (D)
  Sonja (D)
  A deep troll (D)
  8 shining eyes (D)
  An oklob plant (D)
  2 demonic crawlers (D)
  A kobold demonologist (D)
  2 unseen horrors (D)
  A hornet (D)
  Sigmund (D)
  A slime creature (D)
  A yak (D)
  2 redbacks (D)
  6 floating eyes (D)
  An ogre (D)
  7 necrophages (D)
  8 jellies (D)
  Ijyb (D)
  2 ballistomycete spores (D)
49 creatures vanquished.

Vanquished Creatures (others)
  73 foxfires (D)
73 creatures vanquished.

Grand Total: 122 creatures vanquished

Notes
Turn   | Place    | Note
-------+----------+-------------------------------------------
     0 | D        | Conn the Octopode Fire Elementalist began the quest for the
                  | Orb.
     0 | D        | Reached XP level 1. HP: 11/11 MP: 3/3
     1 | D        | Noticed Ijyb
    11 | D        | Killed Ijyb
    12 | D        | Reached XP level 2. HP: 8/17 MP: 0/6
    12 | D        | Reached XP level 3. HP: 10/21 MP: 0/7
    78 | D        | Learned a level 2 spell: Scorch
    82 | D        | Learned a level 3 spell: Inner Flame
    82 | D        | Noticed an ogre
    87 | D        | Killed an ogre
    88 | D        | Reached skill level 5 in Spellcasting
    88 | D        | Reached XP level 4. HP: 27/27 MP: 1/11
   175 | D        | Learned a level 4 spell: Flame Wave
   176 | D        | Noticed Sigmund
   182 | D        | Killed Sigmund
   183 | D        | Reached skill level 5 in Conjurations
   183 | D        | Reached XP level 5. HP: 31/31 MP: 0/14
   183 | D        | Reached XP level 6. HP: 36/36 MP: 0/16
   302 | D        | Found a shimmering blue altar of Sif Muna.
   303 | D        | Found an ornate altar of the Wu Jian Council.
   304 | D        | Found a radiant altar of Vehumet.
   309 | D        | Reached skill level 1 in Hexes
   310 | D        | Became a worshipper of Sif Muna the Loreminder
   319 | D        | Learned a level 3 spell: Mephitic Cloud
   325 | D        | Learned a level 5 spell: Freezing Cloud
   343 | D        | Found Acsua's Weapon Emporium.
   343 | D        | Found an ancient bone altar of Kikubaaqudgha.
   343 | D        | Found a hazy altar of Hepliaklqana.
   343 | D        | Found a stormy altar of Qazlal.
   343 | D        | Found a hide-covered altar of Uskayaw.
   343 | D        | Found a blossoming altar of Fedhas.
   343 | D        | Found a bloodstained altar of Trog.
   343 | D        | Found an iron altar of Okawaru.
   343 | D        | Found a basalt altar of Yredelemnul.
   343 | D        | Found a glowing golden altar of the Shining One.
   343 | D        | Found a snail-covered altar of Cheibriados.
   343 | D        | Found a sacrificial altar of Ru.
   343 | D        | Found a glowing silver altar of Zin.
   343 | D        | Found a shadowy altar of Dithmenos.
   343 | D        | Found a white marble altar of Elyvilon.
   343 | D        | Noticed a yak
   353 | D        | Killed a yak
   354 | D        | Reached skill level 5 in Stealth
   354 | D        | Reached XP level 7. HP: 42/42 MP: 9/18
   354 | D        | Found an opulent altar of Gozag.
   356 | D        | Found a sparkling altar of Nemelex Xobeh.
   423 | D        | Noticed Sonja
   425 | D        | Killed Sonja
   426 | D        | Reached skill level 1 in Fighting
   426 | D        | Reached skill level 10 in Fire Magic
   426 | D        | Reached skill level 1 in Poison Magic
   426 | D        | Reached XP level 8. HP: 48/48 MP: 12/21
   531 | D        | Found Imyelysy's Distillery.
   551 | D        | Noticed a deep troll
   560 | D        | Killed a deep troll
   560 | D        | Reached * piety under Sif Muna
   561 | D        | Reached skill level 5 in Ice Magic
   561 | D        | Reached skill level 5 in Air Magic
   579 | D        | Found Keymm's Armour Emporium.
   603 | D        | Noticed a centaur warrior
   610 | D        | Noticed a centaur warrior
   617 | D        | Killed a centaur warrior
   618 | D        | Reached skill level 1 in Throwing
   618 | D        | Reached skill level 10 in Spellcasting
   618 | D        | Reached XP level 9. HP: 53/53 MP: 7/23
   634 | D        | Killed a centaur warrior
   815 | D        | Noticed a hornet
   826 | D        | Killed a hornet
   826 | D        | Reached ** piety under Sif Muna
   842 | D        | Noticed an oklob plant
  1093 | D        | Killed an oklob plant
  1094 | D        | Reached skill level 1 in Invocations
  1094 | D        | Reached XP level 10. HP: 58/58 MP: 6/25
  1284 | D        | Killed an unseen horror
  1284 | D        | Reached *** piety under Sif Muna
  1287 | D        | Killed an unseen horror
  1388 | D        | Reached **** piety under Sif Muna
  1393 | D        | Reached ***** piety under Sif Muna
  1393 | D        | Received a gift from Sif Muna
  1404 | D        | Got Utiaqed's Codex of Cloudy Jinxing {god gift}
  1531 | D        | Found Guyhauda's Weapon Shoppe.
  1531 | D        | Found Vegaobel's General Store.
  1531 | D        | Found Ruopt's Book Boutique.
  1533 | D        | Found Qaoqioso's Book Emporium.
  1533 | D        | Found Amen Fir's Jewellery Shop.
  1533 | D        | Found Bycuv's Distillery.
  1533 | D        | Found Fybesuak's General Store.
  1533 | D        | Found Wunemm's General Store.
  1533 | D        | Found Gakhiomo's Jewellery Shop.
  1533 | D        | Found Anodiggu's Weapon Shoppe.
  1536 | D        | Found Nuolimi's Antique Armour Boutique.
  1537 | D        | Found Utuqyd's Magic Scroll Emporium.
  1537 | D        | Found Pih Tikh's Magic Scroll Boutique.
  1538 | D        | Found Goxtuil's Distillery.
  1597 | D        | Learned a level 6 spell: Plasma Beam
  1600 | D        | Bought a book of Storms for 338 gold pieces
  1605 | D        | Learned a level 4 spell: Summon Lightning Spire
  1651 | D        | Noticed a shining eye
  1651 | D        | Noticed a shining eye
  1651 | D        | Noticed a shining eye
  1657 | D        | Paralysed by a floating eye for 3 turns
  1666 | D        | Paralysed by a floating eye for 3 turns
  1669 | D        | Noticed a shining eye
  1671 | D        | Noticed a shining eye
  1673 | D        | Paralysed by a floating eye for 4 turns
  1681 | D        | Paralysed by a floating eye for 2 turns
  1681 | D        | Killed a shining eye
  1682 | D        | Reached skill level 5 in Dodging
  1682 | D        | Reached skill level 1 in Summonings
  1682 | D        | Reached skill level 5 in Invocations
  1688 | D        | Paralysed by a floating eye for 4 turns
  1692 | D        | Killed a shining eye
  1692 | D        | Killed a shining eye
  1693 | D        | Gained mutation: You have hidden genetic defects. [a
                  | shining eye]
  1698 | D        | Noticed a shining eye
  1699 | D        | Killed a shining eye
  1699 | D        | Killed a shining eye
  1700 | D        | Reached XP level 11. HP: 19/63 MP: 8/28
  1701 | D        | Killed a shining eye
  1702 | D        | Reached skill level 5 in Hexes
  1702 | D        | Noticed a shining eye
  1710 | D        | Gained mutation: You are frail. (-10% HP) [hidden defects]
  1962 | D        | Received a gift from Sif Muna
  1962 | D        | Noticed a shining eye
  1974 | D        | Killed a shining eye
  2090 | D        | Killed a shining eye
  2157 | D        | Found Akhited's Distillery.
  2157 | D        | Found Toigreits's Assorted Antiques.
  2157 | D        | Found Wolamannur's Magic Scroll Boutique.
  2157 | D        | Found Muyset's Antique Weapon Emporium.
  2172 | D        | Bought an agate ring for 105 gold pieces
  2187 | D        | Bought a potion of mutation for 80 gold pieces
  2187 | D        | Lost mutation: You are frail. (-10% HP) [potion of
                  | mutation]
  2187 | D        | Lost mutation: You have hidden genetic defects. [potion of
                  | mutation]
  2187 | D        | Gained mutation: Your body sometimes deteriorates upon
                  | taking damage. [potion of mutation]
  2263 | D        | Bought the ring of Piacat {rPois rCorr Str+3 SInv} for 474
                  | gold pieces
  2268 | D        | Bought an amulet of reflection for 360 gold pieces
  2316 | D        | Found a burning altar of Makhleb.
  2316 | D        | Found a viscous altar of Jiyva.
  2316 | D        | Found a shimmering altar of Xom.
  2316 | D        | Found a corrupted altar of Lugonu.
  2405 | D        | Reached skill level 5 in Summonings
  2566 | D        | Learned a level 5 spell: Arcjolt
  2567 | D        | Received a gift from Sif Muna
  2568 | D        | Reached skill level 10 in Conjurations
  2569 | D        | Slain by a demonic crawler

Illustrated notes

Levels and vault maps discovered:
D:        dungeon_sprint_1 [red_sonja_temple_1, red_sonja_temple_small_1]

Skill      XL: |  1  2  3  4  5  6  7  8  9 10 11 |
---------------+----------------------------------+-----
Stealth        | 3 4 5 |  5.5
Spellcasting   | 3 5 7 9 10 11 13 14 | 14.0
Conjurations   | 2 3 5 6 7 9 10 | 10.0
Fire Magic     | 4 6 8 9 10 11 12 13 14 | 14.3
Dodging        | 3 4 5 |  5.0
Hexes          | 1 2 3 4 5 |  5.1
Ice Magic      | 2 4 6 7 |  7.5
Air Magic      | 2 4 6 7 8 |  8.5
Fighting       | 1 |  1.6
Poison Magic   | 1 2 |  2.3
Throwing       | 1 2 |  2.0
Invocations    | 1 6 7 |  7.6
Summonings     | 3 5 |  5.2
Short Blades   | |  0.5

Action                     |  1- 3 |  4- 6 |  7- 9 | 10-12 || total
---------------------------+-------+-------+-------+-------++-------
  Melee: Unarmed           |     5 |       |       |       ||     5
         Tentacles         |     2 |       |       |       ||     2
         Dagger            |       |       |     1 |    10 ||    11
         Constrict         |       |       |       |     4 ||     4
  Throw: Dart              |       |       |     6 |       ||     6
   Cast: Foxfire           |     5 |     7 |    23 |    14 ||    49
         Scorch            |     2 |     4 |    16 |    20 ||    42
         Inner Flame       |       |     2 |     3 |    18 ||    23
         Mephitic Cloud    |       |     1 |     2 |     1 ||     4
         Flame Wave        |       |       |     1 |     8 ||     9
         Freezing Cloud    |       |       |     1 |     5 ||     6
         Summon Lightning  |       |       |       |    16 ||    16
         Plasma Beam       |       |       |       |     5 ||     5
         Chain Lightning   |       |       |       |     1 ||     1
         Arcjolt           |       |       |       |     1 ||     1
 Invoke: Channel Magic     |       |       |       |     3 ||     3
         Divine Exegesis   |       |       |       |     1 ||     1
    Use: Potion            |     2 |       |     3 |     2 ||     7
         Scroll            |       |       |     1 |       ||     1
 Armour: Skin              |       |       |       |     1 ||     1
  Dodge: Dodged            |       |     2 |     4 |    13 ||    19
  Block: Other             |       |       |       |     2 ||     2

Table legend: (Time is in decaauts)
 A = Elapsed time spent in this place.
 B = Non-inter-level travel time spent in this place.
 C = Inter-level travel time spent in this place.
 D = Time resting spent in this place.
 E = Time spent auto-exploring this place.
 F = Levels seen in this place.
 G = Mean time per level.
                   A        B        C        D        E       F      G
               +--------+--------+--------+--------+--------+-----+--------+
         Total |   2567 |   2558 |      9 |   1615 |      0 |   1 | 2567.0 |
       Dungeon |   2567 |   2558 |      9 |   1615 |      0 |   1 | 2567.0 |
               +--------+--------+--------+--------+--------+-----+--------+

Top non-repeatable levels by time:
       D: 2567 daAuts
